[Event "Titled Tuesday Blitz November 01 Early 2022"]
[White "Atabayev, Yusup"]
[Black "Dominguez Perez, Leinier"]
[WhiteFideId "14001128"]
[BlackFideId "3503240"]
[WhiteElo "2454"]
[BlackElo "2647"]
[Result "0-1"]
[Round "04"]
[TimeControl "180+1"]
[Date "2022.11.01"]
[WhiteClock "0:00:12"]
[BlackClock "0:00:06"]

1. e4 c5 2. b3 Nf6 3. e5 Nd5 4. Bb2 d6 5. exd6 Qxd6 6. Nf3 Nc6 7. Bb5 Bd7 8. Bxc6 Bxc6 9. O-O f6 10. d4 Nf4 11. Re1 O-O-O 12. Na3 cxd4 13. Qxd4 Qxd4 14. Nxd4 Bd7 15. Ne2 Nxe2+ 16. Rxe2 e5 17. Rd1 Bc5 18. Red2 Bf5 19. Kf1 h5 20. h3 Rxd2 21. Rxd2 Rd8 22. Rxd8+ Kxd8 23. c3 Kd7 24. Ke2 a6 25. Nc4 b5 26. Nd2 h4 27. b4 Be7 28. a3 Kc6 29. c4 bxc4 30. Nxc4 Be6 31. Nd2 Bd5 32. f3 Kb5 33. Kd3 Bd8 34. Ne4 Kc6 35. Nc3 Be6 36. a4 Be7 37. b5+ axb5 38. axb5+ Kb6 39. Bc1 Bb4 40. Be3+ Ka5 41. b6 Ka6 42. Ne4 Bf7 43. Bf2 Kb7 44. Be3 Kc6 45. Bf2 Be7 46. Bxh4 Kxb6 47. g4 Kb5 48. Nc3+ Kc6 49. Bf2 Bb4 50. Ne4 Kb5 51. Nc3+ Kc6 52. Ne4 Kd5 53. h4 Be8 54. Nc3+ Ke6 55. h5 Bxc3 56. Kxc3 Bc6 57. Be3 Bxf3 0-1


[Site "https://www.chess.com"]

[Event "Titled Tuesday Blitz November 01 Early 2022"]
[White "Aung Thant Zin"]
[Black "Xie, Bryan"]
[WhiteFideId "13000063"]
[BlackFideId "30941296"]
[WhiteElo "2278"]
[BlackElo "2033"]
[Result "1-0"]
[Round "04"]
[TimeControl "180+1"]
[Date "2022.11.02"]
[WhiteClock "0:00:12"]
[BlackClock "0:00:01"]

1. e4 c5 2. Nf3 e6 3. d4 cxd4 4. Nxd4 Nc6 5. Nc3 Qc7 6. Be2 a6 7. O-O Nf6 8. Be3 Be7 9. Kh1 O-O 10. f4 d6 11. Qe1 Nxd4 12. Bxd4 b5 13. a3 Bb7 14. Bf3 Rac8 15. Rd1 Nd7 16. Rf2 Bf6 17. Bxf6 Nxf6 18. Rfd2 Rfd8 19. e5 Bxf3 20. exd6 Qb7 21. gxf3 Qxf3+ 22. Kg1 Qxf4 23. Rd4 Qg5+ 24. Kh1 e5 25. R4d3 Qh5 26. Qg1 e4 27. Rg3 g6 28. d7 Rc7 29. Rf1 Qe5 30. Qb6 Nxd7 31. Qxa6 Rb8 32. Qa5 e3 33. Rxe3 Qxe3 34. Qxc7 Qe6 35. Rd1 Re8 36. Qxd7 Qe5 37. Qd5 Qe7 38. Rf1 1-0


[Site "https://www.chess.com"]

[Event "Titled Tuesday Blitz November 01 Early 2022"]
[White "Azarov, Sergei"]
[Black "Demin, Vladimir"]
[WhiteFideId "13501470"]
[BlackFideId "4167457"]
[WhiteElo "2494"]
[BlackElo "2568"]
[Result "1-0"]
[Round "04"]
[TimeControl "180+1"]
[Date "2022.11.02"]
[WhiteClock "0:01:17"]
[BlackClock "0:00:18"]

1. e4 Nf6 2. e5 Nd5 3. d4 d6 4. Nf3 dxe5 5. Nxe5 g6 6. Bc4 Be6 7. O-O Nd7 8. Nf3 Ne3 9. Bxe3 Bxc4 10. Re1 Bg7 11. Nbd2 Ba6 12. c4 O-O 13. Qc2 Nf6 14. Rad1 b5 15. b3 bxc4 16. bxc4 Bb7 17. d5 a5 18. Nb3 Nd7 19. Bd4 a4 20. Bxg7 Kxg7 21. Nbd4 Nc5 22. h4 Qd6 23. Ne5 a3 24. Re3 Qf6 25. g3 e6 26. Ng4 Qe7 27. Qc3 f6 28. Nxe6+ Nxe6 29. Rxe6 Qf7 1-0


[Site "https://www.chess.com"]

[Event "Titled Tuesday Blitz November 01 Early 2022"]
[White "Baches Garcia, Guillermo"]
[Black "Rosh Jain"]
[WhiteFideId "2209764"]
[BlackFideId "25789465"]
[WhiteElo "2449"]
[BlackElo "2233"]
[Result "1-0"]
[Round "04"]
[TimeControl "180+1"]
[Date "2022.11.02"]
[WhiteClock "0:00:31"]
[BlackClock "0:00:03"]

1. e4 c5 2. Nf3 d6 3. d4 cxd4 4. Nxd4 Nf6 5. Nc3 a6 6. Be3 e5 7. Nb3 Be7 8. f3 Be6 9. Qd2 O-O 10. O-O-O Nbd7 11. g4 b5 12. g5 Nh5 13. Kb1 Nb6 14. Nd5 Bxd5 15. exd5 Nc4 16. Bxc4 bxc4 17. Na5 Qc7 18. Nc6 Rfc8 19. Qc3 Bf8 20. Qxc4 g6 21. Qe4 Bg7 22. h4 Ng3 23. Qg4 Nxh1 24. Rxh1 Qb7 25. Qe4 Rc7 26. h5 Rac8 27. h6 Bh8 28. Rd1 Qb5 29. c4 Qb7 30. b3 Ra8 31. c5 dxc5 32. Bxc5 Rd7 33. d6 Rc8 34. Ne7+ Rxe7 35. dxe7 Qc7 36. Qd5 1-0


[Site "https://www.chess.com"]

[Event "Titled Tuesday Blitz November 01 Early 2022"]
[White "Balkum, Alexander"]
[Black "Winterberg, Lukas"]
[WhiteFideId "2005069"]
[BlackFideId "24622702"]
[WhiteElo "2327"]
[BlackElo "2349"]
[Result "0-1"]
[Round "04"]
[TimeControl "180+1"]
[Date "2022.11.02"]
[WhiteClock "0:00:11"]
[BlackClock "0:00:35"]

1. e4 c6 2. d4 d6 3. Nc3 Nf6 4. f3 Qb6 5. Nge2 e5 6. g4 Be7 7. h4 Na6 8. Be3 Qxb2 9. Rb1 Qa3 10. Ng3 Qxc3+ 11. Bd2 Qxd4 12. g5 Nd7 13. Nf5 Qa4 14. Nxg7+ Kf8 15. Nf5 Ndc5 16. Be2 Nxe4 17. Nxe7 Nxd2 18. Nxc8 Nxb1 19. Qxd6+ Kg8 20. Ne7+ Kf8 21. Nf5+ Kg8 22. Nh6+ Kg7 23. Qf6+ Kf8 24. Qxh8+ Ke7 25. Qxe5+ Kd7 26. O-O Qxh4 27. Rxb1 Nc7 28. Rd1+ Nd5 29. c4 Re8 30. Qf5+ Kc7 31. Qxf7+ Re7 32. Nf5 Qxg5+ 0-1


[Site "https://www.chess.com"]

[Event "Titled Tuesday Blitz November 01 Early 2022"]
[White "Barbashin, Igor"]
[Black "Vasques, Antonio Pedro Freixial"]
[WhiteFideId "4155718"]
[BlackFideId "1908332"]
[WhiteElo "2138"]
[BlackElo "2243"]
[Result "1/2-1/2"]
[Round "04"]
[TimeControl "180+1"]
[Date "2022.11.02"]
[WhiteClock "0:00:28"]
[BlackClock "0:00:06"]

1. d4 Nf6 2. c4 e6 3. Nc3 d5 4. Nf3 Be7 5. g3 O-O 6. Bg2 dxc4 7. O-O Nc6 8. e4 a6 9. a4 Bd7 10. d5 Nb4 11. Ne5 exd5 12. exd5 Bd6 13. Nxc4 Bf5 14. Nxd6 Qxd6 15. Bf4 Qd7 16. Rc1 Nd3 17. Bg5 Nxc1 18. Bxf6 gxf6 19. Qxc1 Rad8 20. Qf4 Kg7 21. Ne4 Rfe8 22. Qh4 Bxe4 23. Bxe4 h6 24. Qf4 Re5 25. Rc1 Rde8 26. Bf3 Qh3 27. Qd2 Qf5 28. Kg2 R8e7 29. Rc4 h5 30. Rh4 Qg6 31. Rb4 b6 32. Rf4 a5 33. Qd4 Qg5 34. Rh4 Qg6 35. Rf4 Rd7 36. Qc4 Qg5 37. Rh4 Qg6 38. Be4 Qg5 39. Bf3 Qg6 40. Be4 Qg5 41. Bf3 1/2-1/2


[Site "https://www.chess.com"]

[Event "Titled Tuesday Blitz November 01 Early 2022"]
[White "Bashirli, Saadat"]
[Black "Aponte Ramos, Argimiro"]
[WhiteFideId "13429990"]
[BlackFideId "3900568"]
[WhiteElo "1408"]
[BlackElo "2216"]
[Result "1-0"]
[Round "04"]
[TimeControl "180+1"]
[Date "2022.11.02"]
[WhiteClock "0:00:28"]
[BlackClock "0:00:01"]

1. d4 d5 2. c4 e6 3. Nc3 Nf6 4. cxd5 Nxd5 5. e4 Nxc3 6. bxc3 c5 7. Nf3 cxd4 8. cxd4 Bb4+ 9. Bd2 Bxd2+ 10. Qxd2 O-O 11. Bc4 Nd7 12. O-O b6 13. Rac1 Bb7 14. Rfe1 Nf6 15. Bd3 Rc8 16. Bb1 Rxc1 17. Qxc1 Qa8 18. Qf4 Qb8 19. Ne5 Qc7 20. h3 Qc3 21. Rd1 h6 22. Kh2 b5 23. Nf3 Rc8 24. Bd3 b4 25. Qe3 a5 26. e5 Bxf3 27. Qxf3 Nd5 28. Qe4 g6 29. Qh4 Kg7 30. Qg3 a4 31. Qg4 b3 32. axb3 axb3 33. Qe2 b2 34. Bb1 Qc1 35. Qd3 Qxd1 36. Qxd1 1-0


[Site "https://www.chess.com"]

[Event "Titled Tuesday Blitz November 01 Early 2022"]
[White "Bazeev, German"]
[Black "Shankland, Sam"]
[WhiteFideId "24119350"]
[BlackFideId "2004887"]
[WhiteElo "2493"]
[BlackElo "2612"]
[Result "1-0"]
[Round "04"]
[TimeControl "180+1"]
[Date "2022.11.01"]
[WhiteClock "0:01:01"]
[BlackClock "0:01:39"]

1. d4 d5 2. Nf3 Nf6 3. c4 c6 4. Qc2 dxc4 5. e4 b5 6. b3 cxb3 7. axb3 Bg4 8. Nbd2 e6 9. Bd3 Be7 10. O-O a5 11. h3 Bh5 12. Bb2 Qb6 13. d5 cxd5 14. exd5 Nxd5 15. Bxg7 Rg8 16. Bd4 Qb7 17. Bxh7 Rxg2+ 18. Kxg2 Nf4+ 19. Kh2 Bxf3 20. Be5 Nh5 21. Nxf3 1-0


[Site "https://www.chess.com"]

[Event "Titled Tuesday Blitz November 01 Early 2022"]
[White "Beerdsen, Thomas"]
[Black "Jobava, Baadur"]
[WhiteFideId "1030108"]
[BlackFideId "13601520"]
[WhiteElo "2567"]
[BlackElo "2582"]
[Result "1/2-1/2"]
[Round "04"]
[TimeControl "180+1"]
[Date "2022.11.01"]
[WhiteClock "0:00:05"]
[BlackClock "0:00:07"]

1. e4 e5 2. Bc4 Nf6 3. d3 c6 4. Nf3 d5 5. Bb3 Bd6 6. Nc3 d4 7. Ne2 h6 8. c3 c5 9. h3 Nc6 10. a4 Na5 11. Ba2 Qe7 12. cxd4 cxd4 13. O-O Be6 14. Bxe6 Qxe6 15. Nexd4 exd4 16. e5 Bxe5 17. Nxe5 O-O 18. Re1 Rfe8 19. Bd2 Qd5 20. Ng4 Rxe1+ 21. Bxe1 Nxg4 22. Qxg4 Nb3 23. Rd1 Re8 24. Bd2 h5 25. Qg3 Nxd2 26. Rxd2 Qa5 27. Qf4 Qxa4 28. Kh2 g6 29. g4 hxg4 30. hxg4 Qc6 31. Rd1 Qc2 32. Rc1 Qxd3 33. Rc7 Qb3 34. Qxd4 a5 35. Qd7 Rb8 36. Qd4 b5 37. Rc3 Qe6 38. Rh3 f6 39. Re3 Qc6 40. g5 Rf8 41. gxf6 Qxf6 42. Qd5+ Kg7 43. Re2 Qf4+ 44. Kg1 Qg4+ 45. Kf1 Qf5 46. Qd4+ Qf6 47. Qd7+ Rf7 48. Qxb5 Qd4 49. Qxa5 Qd1+ 50. Qe1 Qd5 51. Qc3+ Kh7 52. Qh3+ Kg7 53. Qc3+ Kh7 54. Re8 Qh1+ 55. Ke2 Qh5+ 56. Ke1 Qh1+ 57. Ke2 Qh5+ 58. Ke1 Qh1+ 59. Ke2 1/2-1/2


[Site "https://www.chess.com"]

[Event "Titled Tuesday Blitz November 01 Early 2022"]
[White "Bilan, Danila"]
[Black "Vifleemskaia, Svetlana"]
[WhiteFideId "24161918"]
[BlackFideId "4129490"]
[WhiteElo "2203"]
[BlackElo "1929"]
[Result "0-1"]
[Round "04"]
[TimeControl "180+1"]
[Date "2022.11.02"]
[WhiteClock "0:00:16"]
[BlackClock "0:00:18"]

1. d4 Nf6 2. Nf3 d5 3. c4 dxc4 4. e3 a6 5. Bxc4 b5 6. Be2 Bb7 7. O-O Nbd7 8. Nc3 e6 9. a3 c5 10. dxc5 Nxc5 11. b4 Qxd1 12. Rxd1 Nce4 13. Bb2 Nxc3 14. Bxc3 Be7 15. a4 O-O 16. axb5 axb5 17. Bxb5 Nd5 18. Be1 Rxa1 19. Rxa1 Bxb4 20. Bxb4 Nxb4 21. Ra7 Bxf3 22. gxf3 Rb8 23. f4 g6 24. Be2 Nd5 25. Bf3 Rb5 26. Kg2 Kg7 27. Kg3 h5 28. h3 Kf6 29. Ra6 Rc5 30. Ra7 Nc3 31. Rd7 Nb5 32. Bd1 Rd5 33. Bf3 Rxd7 34. Bc6 Rd5 35. Bxd5 exd5 36. f3 Nc3 37. Kf2 Ke6 38. Ke1 Kd6 39. Kd2 Nb5 40. Kd3 Kc5 41. e4 dxe4+ 42. fxe4 Nd4 43. Ke3 Kc4 44. h4 f5 45. e5 Kd5 46. Kd3 Ne6 47. Ke3 Kc5 48. Kf3 Kd4 0-1


[Site "https://www.chess.com"]

[Event "Titled Tuesday Blitz November 01 Early 2022"]
[White "Blokhin, Sofia"]
[Black "Osmonbekov, Talaibek"]
[WhiteFideId "4508190"]
[BlackFideId "2017253"]
[WhiteElo "2005"]
[BlackElo "2135"]
[Result "1-0"]
[Round "04"]
[TimeControl "180+1"]
[Date "2022.11.02"]
[WhiteClock "0:00:29"]
[BlackClock "0:00:10"]

1. e4 c5 2. Nf3 d6 3. d4 cxd4 4. Nxd4 Nf6 5. Nc3 g6 6. f3 Bg7 7. Be3 O-O 8. Nb3 Nc6 9. Qd2 a5 10. Na4 Nd7 11. O-O-O Nb4 12. Kb1 Rb8 13. Bb5 Qc7 14. a3 Nc6 15. h4 Nce5 16. h5 Nc4 17. Bxc4 Qxc4 18. Nb6 Nxb6 19. Bxb6 a4 20. Nd4 e5 21. Qe2 Qa6 22. Bc7 Ra8 23. Qxa6 Rxa6 24. Nb5 Bd7 25. Nc3 b5 26. Rxd6 Rxd6 27. Bxd6 Rc8 28. Bb4 Bc6 29. hxg6 hxg6 30. Rd1 f5 31. Nd5 1-0


[Site "https://www.chess.com"]

[Event "Titled Tuesday Blitz November 01 Early 2022"]
[White "Bogaudinov, Rushan"]
[Black "Sokolovsky, Yahli"]
[WhiteFideId "4129288"]
[BlackFideId "2820242"]
[WhiteElo "1945"]
[BlackElo "2316"]
[Result "0-1"]
[Round "04"]
[TimeControl "180+1"]
[Date "2022.11.02"]
[WhiteClock "0:00:43"]
[BlackClock "0:00:18"]

1. b3 d5 2. Bb2 Bf5 3. e3 e6 4. Nf3 Nf6 5. Nh4 Bg4 6. Be2 Bxe2 7. Qxe2 c5 8. O-O Nc6 9. f4 Be7 10. d3 Nd7 11. Nf3 Bf6 12. d4 g6 13. Nbd2 Bg7 14. Ne5 cxd4 15. exd4 O-O 16. Ndf3 Nf6 17. Ng5 h6 18. Ngf3 Ne4 19. c4 Kh7 20. c5 f6 21. Ng4 Qc7 22. g3 Rae8 23. Nf2 f5 24. Nd3 Bf6 25. b4 Qg7 26. Nfe5 Bxe5 27. dxe5 Qd7 28. Bd4 Nxd4 29. Qb2 Nc6 30. Rfd1 Ne7 31. b5 Rc8 32. Rac1 a6 33. a4 axb5 34. axb5 Rc7 35. Rc2 Ra8 36. Ra1 Rxa1+ 37. Qxa1 Qxb5 38. Qa3 Nc6 39. Rb2 Qc4 40. Kg2 Nd4 41. c6 Nxc6 42. Ne1 Nc3 43. Qf8 Qe4+ 44. Kf1 Qh1+ 45. Kf2 Nd1+ 46. Ke2 Nxb2 47. Qd6 Rg7 48. Nf3 Qg2+ 49. Ke3 Nc4+ 0-1


[Site "https://www.chess.com"]

[Event "Titled Tuesday Blitz November 01 Early 2022"]
[White "Bordi, Kevin"]
[Black "Ovchinnikov, Vsevolod"]
[WhiteFideId "621862"]
[BlackFideId "24176842"]
[WhiteElo "2806"]
[BlackElo "2376"]
[Result "1/2-1/2"]
[Round "04"]
[TimeControl "180+1"]
[Date "2022.11.01"]
[WhiteClock "0:00:04"]
[BlackClock "0:00:08"]

1. e4 g6 2. d4 Bg7 3. Nc3 a6 4. g3 d6 5. Bg2 Nf6 6. Nge2 O-O 7. O-O Nbd7 8. h3 Rb8 9. Be3 b5 10. a3 Bb7 11. g4 Nb6 12. b3 Nfd7 13. Qd2 e6 14. Bg5 Bf6 15. Bxf6 Qxf6 16. Rad1 e5 17. f4 exd4 18. Qxd4 Qxd4+ 19. Nxd4 Rfe8 20. Rfe1 Re7 21. e5 dxe5 22. Bxb7 Rxb7 23. Nc6 Re8 24. fxe5 Kg7 25. Kf2 Nb8 26. Nd8 Ra7 27. e6 f6 28. Ne4 Nc8 29. Kg3 Ne7 30. Nc5 a5 31. Re2 Na6 32. Nxa6 Rxa6 33. Rd7 Rd6 34. Rxd6 cxd6 35. Nf7 d5 36. Nd6 Rd8 37. Nxb5 f5 38. Nd4 Kf6 39. gxf5 gxf5 40. c3 Rc8 41. Re3 Ng6 42. Rd3 Ne5 43. Re3 Ng6 44. Re1 Rxc3+ 45. Kh2 Ne7 46. b4 axb4 47. axb4 Rc4 48. Rd1 Rxb4 49. Kg3 Rc4 50. Kf3 Rc3+ 51. Kg2 Ng6 52. Re1 Rd3 53. Nc6 Ne7 54. Ne5 Rd2+ 55. Kg3 Rd4 56. Nd7+ Kg5 57. Ne5 Re4 58. Nf7+ Kf6 59. Rf1 Kxe6 60. Ng5+ Ke5 61. Nxe4 dxe4 62. Ra1 Nd5 63. Ra7 f4+ 64. Kf2 Nf6 65. Ra5+ Ke6 66. Ra6+ Kf5 67. Ra5+ Ke6 68. Ke2 Nd5 69. Ra7 Ke5 70. Rxh7 f3+ 71. Kf2 Kf4 72. Rf7+ Ke5 73. Rf8 Nf4 74. h4 Ng6 75. Re8+ Kf5 76. h5 Nf4 77. h6 Nh3+ 78. Kg3 Ng5 79. Re7 Kg6 80. h7 Nxh7 81. Rxe4 Ng5 82. Rg4 Kf5 83. Rf4+ Kg6 84. Rf8 Ne6 85. Rxf3 Kg5 86. Ra3 Nd4 87. Ra5+ Nf5+ 88. Kf3 Kf6 89. Kf4 Nd6 90. Rd5 Ke6 91. Rh5 Kf6 92. Rh6+ Ke7 93. Rg6 Nf7 94. Kf5 Nd6+ 95. Ke5 Nf7+ 96. Kd5 Kd7 97. Re6 Nd8 98. Ra6 Ke7 99. Ke5 Nf7+ 100. Kf5 Nd6+ 101. Ke5 Nf7+ 102. Kd5 Nd8 103. Ra8 Nf7 104. Ra7+ Kf6 105. Ra6+ Ke7 106. Ke4 Nd6+ 107. Kf4 Nf7 108. Kf5 Nd6+ 109. Kg6 Nc4 110. Rc6 Ne5+ 111. Kh5 Nxc6 1/2-1/2


[Site "https://www.chess.com"]

[Event "Titled Tuesday Blitz November 01 Early 2022"]
[White "Bortnyk, Olexandr"]
[Black "Sargsyan, Anna M."]
[WhiteFideId "14120828"]
[BlackFideId "13308130"]
[WhiteElo "2723"]
[BlackElo "2284"]
[Result "1-0"]
[Round "04"]
[TimeControl "180+1"]
[Date "2022.11.01"]
[WhiteClock "0:02:25"]
[BlackClock "0:00:14"]

1. d4 d5 2. Nc3 Nf6 3. Bf4 c5 4. e4 dxe4 5. dxc5 Qxd1+ 6. Rxd1 e6 7. Nb5 Na6 8. Nd6+ Bxd6 9. Bxd6 Nb4 10. c3 Nbd5 11. Ne2 Bd7 12. Ng3 b6 13. Ba6 bxc5 14. O-O Ba4 15. Rd2 Rd8 16. Bxc5 Nc7 17. Rxd8+ Kxd8 18. Bc4 a6 19. Re1 Bc6 20. Bd4 Bd5 21. Bb3 Ke7 22. Bxf6+ gxf6 23. Nxe4 Rb8 24. Nd2 a5 25. Rb1 Bxb3 26. Nxb3 a4 27. Nd4 Nd5 28. Nc6+ 1-0


[Site "https://www.chess.com"]

[Event "Titled Tuesday Blitz November 01 Early 2022"]
[White "Brueckner, Thomas"]
[Black "Zhu, Jiner"]
[WhiteFideId "4600452"]
[BlackFideId "8608059"]
[WhiteElo "2332"]
[BlackElo "2384"]
[Result "0-1"]
[Round "04"]
[TimeControl "180+1"]
[Date "2022.11.02"]
[WhiteClock "0:00:02"]
[BlackClock "0:00:28"]

1. e4 e5 2. Nf3 Nc6 3. Bc4 Bc5 4. O-O Nf6 5. d3 h6 6. c3 d6 7. Re1 O-O 8. h3 a6 9. a4 Be6 10. Bxe6 fxe6 11. b4 Ba7 12. Nbd2 Qe8 13. Nf1 Nh5 14. Ra2 Nf4 15. Kh2 Qf7 16. Ng3 a5 17. b5 Nb8 18. Be3 Nd7 19. Bxa7 Rxa7 20. Re3 Raa8 21. Rc2 Nc5 22. d4 exd4 23. cxd4 Nxa4 24. Qc1 Rfc8 25. Ra3 Nb6 26. Rac3 a4 27. Rxc7 Qf8 28. Rxc8 Rxc8 29. Rxc8 Nxc8 30. Qa3 Nb6 31. Qc3 d5 32. e5 a3 33. Qb3 Qa8 34. Qa2 Qa4 0-1


[Site "https://www.chess.com"]

[Event "Titled Tuesday Blitz November 01 Early 2022"]
[White "Budrewicz, Krzysztof"]
[Black "Donchenko, Alexander"]
[WhiteFideId "1127950"]
[BlackFideId "24603295"]
[WhiteElo "2171"]
[BlackElo "2572"]
[Result "1/2-1/2"]
[Round "04"]
[TimeControl "180+1"]
[Date "2022.11.02"]
[WhiteClock "0:00:29"]
[BlackClock "0:00:58"]

1. d4 Nf6 2. c4 e6 3. Nf3 Bb4+ 4. Bd2 a5 5. g3 b6 6. Bg2 Bb7 7. O-O O-O 8. Bg5 Be7 9. Nc3 Ne4 10. Nxe4 Bxe4 11. Bxe7 Qxe7 12. Qd2 d6 13. Qe3 f5 14. Ng5 Bxg2 15. Kxg2 e5 16. dxe5 dxe5 17. Nf3 Nc6 18. Rfd1 Rad8 19. Rd5 e4 20. Nd4 Nxd4 21. Qxd4 c6 22. Rxd8 Qxd8 23. Rd1 Qxd4 24. Rxd4 a4 25. Rd6 Rc8 26. Kf1 h5 27. h4 Kf7 28. Rd7+ Kf6 29. Rb7 b5 30. cxb5 cxb5 31. Rb6+ Kf7 32. Rxb5 Rc1+ 33. Kg2 g6 34. e3 Rc2 35. a3 Kf6 36. Kf1 Ke6 37. Ke1 Kf6 38. Rb4 Ke6 39. Rb6+ Kf7 40. Rb4 Kf6 41. Rxa4 Rxb2 42. Ra8 Rb1+ 43. Ke2 Rb2+ 44. Kf1 Rb1+ 45. Kg2 Ra1 46. a4 Kf7 47. a5 Kf6 48. a6 Kf7 49. a7 Kg7 50. g4 hxg4 51. Kg3 Ra2 52. Kg2 Kh7 53. Kf1 Kg7 54. Ke1 Kh7 55. Kf1 Kg7 56. Kg1 Kh7 57. Kf1 1/2-1/2


[Site "https://www.chess.com"]

[Event "Titled Tuesday Blitz November 01 Early 2022"]
[White "Buscar, Michael"]
[Black "Gabdrakhmanov, Azat"]
[WhiteFideId "2603616"]
[BlackFideId "34189197"]
[WhiteElo "2010"]
[BlackElo "2233"]
[Result "0-1"]
[Round "04"]
[TimeControl "180+1"]
[Date "2022.11.02"]
[WhiteClock "0:00:07"]
[BlackClock "0:00:13"]

1. d4 Nf6 2. c4 g6 3. Nc3 Bg7 4. e4 O-O 5. Nf3 d6 6. Be2 e5 7. Be3 Nc6 8. d5 Ne7 9. b4 Ng4 10. Bg5 f5 11. Nd2 Nf6 12. f3 h6 13. Be3 Nh5 14. c5 Nf4 15. O-O g5 16. cxd6 cxd6 17. Nb5 a6 18. Na7 Bd7 19. b5 g4 20. bxa6 bxa6 21. Bxa6 Qa5 22. Bc4 Rxa7 23. Bxa7 Qxa7+ 24. Kh1 gxf3 25. Qxf3 Qd4 26. Rad1 Neg6 27. Bb3 Nh4 28. Qg3 Nhxg2 29. exf5 Ne3 30. Rg1 Nxf5 31. Qf3 Qe3 32. Qg4 h5 33. Qg5 Nh3 34. Rg2 Nxg5 0-1


[Site "https://www.chess.com"]

[Event "Titled Tuesday Blitz November 01 Early 2022"]
[White "Cabezas Solano, David Alejandro"]
[Black "Shuvalova, Polina"]
[WhiteFideId "6507522"]
[BlackFideId "24171760"]
[WhiteElo "2035"]
[BlackElo "2392"]
[Result "0-1"]
[Round "04"]
[TimeControl "180+1"]
[Date "2022.11.02"]
[WhiteClock "0:00:01"]
[BlackClock "0:00:03"]

1. d4 Nf6 2. c4 e6 3. Nf3 d5 4. g3 Bb4+ 5. Bd2 Be7 6. Bg2 Nbd7 7. O-O O-O 8. Qc2 c6 9. Bf4 h6 10. Nbd2 Nh5 11. Be5 f6 12. Bf4 Nxf4 13. gxf4 f5 14. e3 Nf6 15. Ne5 Bd7 16. c5 Be8 17. Kh1 Bh5 18. Rg1 Kh7 19. Bf3 Qe8 20. Qd1 Rg8 21. Rg3 Bxf3+ 22. Qxf3 Qh5 23. Qxh5 Nxh5 24. Rg6 Nf6 25. Rag1 Rac8 26. Ndf3 b6 27. b4 a5 28. a3 bxc5 29. dxc5 axb4 30. axb4 Ne4 31. Rxe6 Bf6 32. Rxc6 Rxc6 33. Nxc6 Nxf2+ 34. Kg2 Ng4 35. Re1 Bc3 36. Re2 Re8 37. Nfe5 Nxe5 38. fxe5 f4 39. exf4 d4 40. Kf3 d3 41. Re3 d2 42. Rd3 Ra8 43. Ke2 Ra3 44. e6 Kg8 0-1


[Site "https://www.chess.com"]

[Event "Titled Tuesday Blitz November 01 Early 2022"]
[White "Caruana, Fabiano"]
[Black "Gorodetzky, David"]
[WhiteFideId "2020009"]
[BlackFideId "2813416"]
[WhiteElo "2847"]
[BlackElo "2487"]
[Result "0-1"]
[Round "04"]
[TimeControl "180+1"]
[Date "2022.11.01"]
[WhiteClock "0:00:06"]
[BlackClock "0:00:08"]

1. Nc3 d5 2. e4 dxe4 3. Nxe4 Nd7 4. d4 Ngf6 5. Ng5 h6 6. N5f3 e6 7. c3 Bd6 8. Bd3 O-O 9. Ne2 c5 10. O-O b6 11. Ng3 Bb7 12. Re1 Re8 13. a4 Qc7 14. a5 bxa5 15. Qa4 Bxf3 16. gxf3 cxd4 17. cxd4 Bb4 18. Rd1 Rad8 19. Qc2 Qxc2 20. Bxc2 Nb6 21. Ne4 Nbd5 22. Bd2 Rb8 23. Bd3 Red8 24. Bf1 Bxd2 25. Rxd2 Rb4 26. Rxa5 Nf4 27. Rxa7 Rbxd4 28. Rxd4 Rxd4 29. Nxf6+ gxf6 30. Ra1 f5 31. Rb1 Rb4 32. b3 Ng6 33. Be2 Kg7 34. Kf1 Ne5 35. Rb2 Kf6 36. Ke1 Ke7 37. Kd2 Kd6 38. Ke3 Rh4 39. b4 f4+ 40. Kd4 Nc6+ 41. Kc3 Rxh2 42. b5 Nb8 43. Bd3 Rh1 44. Ra2 h5 45. b6 Kc6 46. Ra7 Kxb6 47. Rxf7 Nc6 48. Rxf4 h4 49. Rf6 h3 50. Rh6 h2 51. Kd2 Kc5 52. Be4 Nd4 53. f4 Ra1 54. Rxh2 Ra2+ 55. Ke3 Ra3+ 56. Bd3 Nf5+ 57. Kd2 Kd6 58. Rh1 Ra2+ 59. Bc2 Nd4 60. Rc1 Nb3+ 61. Kd1 Nxc1 62. Kxc1 Ra3 63. Bd1 Rd3 64. Kc2 Rd4 65. f3 Rxf4 66. Kd3 Ke5 67. Ke3 Rb4 68. Be2 Rb3+ 69. Bd3 Kd5 70. Ke2 Kd4 71. Bg6 e5 72. Kf2 Rb2+ 73. Kg3 Ke3 74. Be4 Rb8 75. Bc6 Rg8+ 76. Kh4 Kf4 77. Kh5 Rg3 78. Kh6 Rxf3 0-1


[Site "https://www.chess.com"]

[Event "Titled Tuesday Blitz November 01 Early 2022"]
[White "Chan, Kim Yew"]
[Black "Luxama, Jacques Muller"]
[WhiteFideId "5717981"]
[BlackFideId "11900113"]
[WhiteElo "2206"]
[BlackElo "1931"]
[Result "0-1"]
[Round "04"]
[TimeControl "180+1"]
[Date "2022.11.02"]
[WhiteClock "0:00:01"]
[BlackClock "0:00:09"]

1. d4 Nf6 2. Nf3 e6 3. e3 d5 4. Bd3 Bd6 5. b3 Nbd7 6. Bb2 Qe7 7. O-O O-O 8. Nbd2 a5 9. a3 e5 10. dxe5 Nxe5 11. Be2 c6 12. c4 dxc4 13. Nxc4 Nxc4 14. bxc4 Bf5 15. Nd4 Bg6 16. Qb3 Ne4 17. Rfd1 Bxh2+ 18. Kxh2 Qh4+ 19. Kg1 Qxf2+ 20. Kh2 Qg3+ 21. Kg1 Qf2+ 22. Kh2 a4 23. Qb6 Qg3+ 24. Kg1 Qxe3+ 25. Kh2 Rae8 26. Rd3 Qf4+ 27. Kg1 Qf2+ 28. Kh2 Re5 29. Rh3 Qf4+ 30. Kg1 Ng5 31. Rf3 Nxf3+ 32. Bxf3 Qe3+ 33. Kh2 Qf4+ 34. Kg1 Rg5 35. Rf1 Qe3+ 36. Rf2 Re8 0-1


[Site "https://www.chess.com"]

[Event "Titled Tuesday Blitz November 01 Early 2022"]
[White "Chernomordik, Pavel"]
[Black "Shapiro, Daniel"]
[WhiteFideId "2804530"]
[BlackFideId "2001780"]
[WhiteElo "2217"]
[BlackElo "2255"]
[Result "1-0"]
[Round "04"]
[TimeControl "180+1"]
[Date "2022.11.02"]
[WhiteClock "0:00:06"]
[BlackClock "0:00:02"]

1. e4 e5 2. Nf3 Nc6 3. Bb5 a6 4. Ba4 Nf6 5. Qe2 b5 6. Bb3 Bd6 7. a4 Rb8 8. axb5 axb5 9. Nc3 O-O 10. Nxb5 Bc5 11. Nc3 Re8 12. d3 h6 13. Be3 Nd4 14. Bxd4 exd4 15. Na4 Bb4+ 16. Nd2 d5 17. O-O Bxd2 18. Qxd2 dxe4 19. dxe4 Nxe4 20. Qf4 Qf6 21. Qxc7 Bb7 22. Nc5 Rec8 23. Nxe4 Bxe4 24. Qg3 Rb6 25. Rfc1 Qf5 26. h3 Rg6 27. Rf1 Rxg3 28. fxg3 Qg5 29. Rxf7 Kh8 30. Kh2 Bxc2 31. Be6 Re8 32. Bc4 Re3 33. Rf8+ Kh7 34. Bg8+ Kg6 35. Bf7+ Kh7 36. Bg8+ Kg6 37. Bf7+ Kf6 38. Bb3+ Ke7 39. Rf7+ Ke8 40. Ra8+ Qd8 41. Rxd8+ Kxd8 42. Bxc2 d3 43. Bd1 Re1 44. Bg4 d2 45. Rd7+ Ke8 46. Rxd2 Kf7 47. Rf2+ Ke7 48. h4 Rb1 49. Kh3 Kd6 50. Be2 1-0


[Site "https://www.chess.com"]

[Event "Titled Tuesday Blitz November 01 Early 2022"]
[White "Chigaev, Maksim"]
[Black "Belozerov, Andrei"]
[WhiteFideId "4108116"]
[BlackFideId "4120213"]
[WhiteElo "2537"]
[BlackElo "2360"]
[Result "1-0"]
[Round "04"]
[TimeControl "180+1"]
[Date "2022.11.01"]
[WhiteClock "0:00:17"]
[BlackClock "0:00:12"]

1. Nf3 d5 2. c4 e6 3. g3 Nf6 4. Bg2 dxc4 5. O-O Nbd7 6. Qc2 a6 7. a4 Rb8 8. Qxc4 b5 9. Qc2 Bb7 10. axb5 axb5 11. Nc3 c5 12. d3 Qb6 13. Bf4 Rc8 14. Ne5 Nxe5 15. Bxe5 Bxg2 16. Kxg2 Be7 17. Qb3 b4 18. Bxf6 gxf6 19. Qa4+ Kf8 20. Ne4 f5 21. Nd2 h5 22. Nc4 Qb7+ 23. f3 h4 24. Qa7 h3+ 25. Kh1 Rb8 26. Qxb7 Rxb7 27. Ra8+ Kg7 28. Rfa1 Rxa8 29. Rxa8 b3 30. Kg1 Bf6 31. Kf1 Rb4 32. f4 Bd4 33. e3 Bc3 34. Ke2 Bf6 35. Ra5 Be7 36. Kd1 Kg6 37. Ne5+ Kg7 38. Ra7 Kf8 39. Nc6 c4 40. Nxb4 Bxb4 41. dxc4 Bc5 42. Ra8+ Kg7 43. Ke2 Kg6 44. Rb8 f6 45. Rxb3 e5 46. Rb5 Be7 47. c5 Kh5 48. c6 Bd6 49. Rd5 Bc7 50. Rd7 Bb6 51. c7 Bxc7 52. Rxc7 e4 53. b4 Kg4 54. b5 Kh5 55. b6 Kg4 56. b7 Kh5 57. b8=Q Kg4 58. Qg8+ 1-0


[Site "https://www.chess.com"]